 Dungeon Crawl Stone Soup version 0.27.1-34-g3ba077fa99 (webtiles) character file.

Game seed: 17334951988036939646

171 Akaron the Skirmisher (level 5, -9/67 (85) HPs)
             Began as an Ogre Berserker on Jan 22, 2022.
             Was a Believer of Trog.
             Mangled by Terence (13 damage)
             ... on level 2 of the Dungeon.
             The game lasted 00:03:39 (2494 turns).

Akaron the Skirmisher (Ogre Berserker)              Turns: 2494, Time: 00:03:43

HP:   -9/67 (85)    AC:  3    Str: 22    XL:     5   Next: 51%
MP:   5/5           EV: 10    Int:  8    God:    Trog [**....]
Gold: 73            SH:  0    Dex:  8    Spells: 4/4 levels left

rFire    . . .     SeeInvis .   a - +0 hand axe
rCold    . . .     Faith    .   (no shield)
rNeg     . . .     Spirit   .   b - +0 animal skin
rPois    .         Reflect  .   (helmet restricted)
rElec    .         Harm     .   (no cloak)
rCorr    .         Rampage  .   (gloves unavailable)
Will     .....                  (boots unavailable)
Stlth    ..........             (no amulet)
HPRegen  0.21/turn              (no ring)
MPRegen  0.09/turn              (no ring)

@: berserking (expiring), heavily drained, very quick
A: large, unfitting armour, tough skin 1
a: Renounce Religion, Berserk, Trog's Hand


You were on level 2 of the Dungeon.
You worshipped Trog.
Trog was pleased with you.
You visited 1 branch of the dungeon, and saw 4 of its levels.

You collected 73 gold pieces.

Inventory:

Hand Weapons
 a - a +0 hand axe (weapon)
Missiles
 e - 5 large rocks (quivered)
Armour
 b - a +0 animal skin (worn)
Scrolls
 c - a scroll of noise {unknown}
 d - 5 scrolls of identify {unknown}
 f - 2 scrolls of enchant armour {unknown}
 j - a scroll of torment {unknown}
Potions
 g - a potion of curing {unknown}
 h - a potion of cancellation {unknown}
 i - a potion of degeneration {unknown}


   Skills:
 + Level 5.4 Fighting
 + Level 4.3 Axes
 + Level 3.8 Dodging


You had 4 spell levels left.
You didn't know any spells.
Your spell library was empty.

Dungeon Overview and Level Annotations

Branches:
Dungeon (4/15)
 Temple: D:4-7

Altars:

Shops:
D:1 (

Annotations:
D:2 Terence


Innate Abilities, Weirdness & Mutations

You are too large for most types of armour.
You have tough skin. (AC +1)


Message History

You fall into a shaft and drop 1 floor!
The shaft crumbles and collapses.
There is an open door here.
There is an escape hatch in the ceiling here.
A mysterious force pulls you upwards. The hatch slams shut behind you.
You see here 17 sling bullets.
Found a scroll labelled WOROMY BORONY.
Terence the Incautious comes into view.
He is wielding a +3 flail of draining.
Terence shouts!
Terence drinks a potion.
Terence goes berserk!
A red film seems to cover your vision as you go berserk!
You feel yourself moving faster!
You feel mighty!
Terence hits you with a +3 flail of draining.
You feel drained.
You barely miss Terence.
Terence hits you with a +3 flail of draining!
You feel drained.
You slash Terence!
Terence is moderately wounded.
Terence hits you with a +3 flail of draining!
You feel drained.
You hit Terence.
Terence is heavily wounded.
Terence hits you with a +3 flail of draining!
You feel drained.
You hit Terence but do no damage.
Terence is heavily wounded.
Terence hits you with a +3 flail of draining!
You feel drained.
You barely miss Terence.
Terence is heavily wounded.
Terence barely misses you.
You slash Terence!
Terence is almost dead.
Terence hits you with a +3 flail of draining!
* * * LOW HITPOINT WARNING * * *
You feel drained.
* * * LOW HITPOINT WARNING * * *
Terence hits you with a +3 flail of draining!
You die...

.#.# ##.#####.....##
.#.# #.............#
.#.# #.....##.....##
.# #..##.###...##
#..##.###...####...
....##............#
####.##..##...######
#.##..###.###
#.........@.#
#..#..###.#@#
.......# #.#.# ###.
.... .....
##.#..>..?....
.#..####...#. #.....
...... .#. ..


You could see Terence (berserk).

Vanquished Creatures
  A black bear (D:4)
  A hound skeleton (D:4)
  3 adders (D:3)
  2 worms
  A dart slug (D:2)
  4 endoplasms
  3 giant cockroaches
  4 hobgoblins
  5 kobolds
  A quokka (D:3)
  6 ball pythons
  3 bats
  2 frilled lizards
  A goblin (D:1)
  4 rats
41 creatures vanquished.

Notes
Turn   | Place    | Note
-------+----------+-------------------------------------------
     0 | D:1      | Akaron the Ogre Berserker began the quest for the Orb.
     0 | D:1      | Reached XP level 1. HP: 24/24 MP: 1/1
   156 | D:1      | Reached XP level 2. HP: 20/32 MP: 2/2
  1163 | D:1      | Found Efimatedgh's Weapon Shop.
  1210 | D:2      | Reached XP level 3. HP: 33/40 MP: 3/3
  1271 | D:2      | Reached ** piety under Trog
  1301 | D:2      | You fall into a shaft and drop 2 floors!
  1301 | D:4      | Noticed a black bear
  1305 | D:4      | Killed a black bear
  1306 | D:4      | Reached skill level 5 in Fighting
  1306 | D:4      | Reached XP level 4. HP: 50/50 MP: 4/4
  1312 | D:4      | Reached XP level 5. HP: 57/57 MP: 5/5
  2457 | D:2      | You fall into a shaft and drop 1 floor!
  2485 | D:2      | Noticed Terence
  2494 | D:2      | Mangled by Terence

Illustrated notes

Levels and vault maps discovered:
D:1:      lightli_arrival_chessboard, layout_loops_ring, serial_shops,
          nicolae_square_shop
D:2:      layout_loops_ring, shapermc_ecumenical_altar_acropolis, uniq_terence,
          uniq_natasha, uniq_sigmund
D:3:      layout_basic
D:4:      layout_rooms, nemelex_spade_bored_becter, serial_shops,
          shop_fountains, minmay_misc_feat_doors

Skill      XL: |  1  2  3 |
---------------+----------+-----
Dodging        | 3 |  3.8
Fighting       | 5 |  5.4
Axes           | 4 |  4.3

Action                   |  1- 3 |  4- 6 || total
-------------------------+-------+-------++-------
Melee: Hand axe          |    74 |    77 ||   151
Invok: Berserk           |     2 |     1 ||     3
Armor: Animal skin       |    17 |    10 ||    27
Dodge: Dodged            |    33 |    44 ||    77
